 Dungeon Crawl Stone Soup version 0.27.1-1-g398f81649c (webtiles) character file.

Game seed: 18151860938378756465

2518 DoubleLucky the Fighter (level 9, -20/62 HPs)
             Began as a Gargoyle Berserker on Sept 13, 2021.
             Was an Elder of Trog.
             Demolished by a boulder beetle (37 damage)
             ... on level 6 of the Dungeon.
             The game lasted 00:36:06 (8189 turns).

DoubleLucky the Fighter (Gargoyle Berserker)        Turns: 8189, Time: 00:36:06

Health: -20/62     AC: 24    Str: 24    XL:     9   Next: 54%
Magic:  9/9        EV: 10    Int:  8    God:    Trog [****..]
Gold:   323        SH:  0    Dex:  9    Spells: 8/8 levels left

rFire    . . .     SeeInvis .   k - +1 flail
rCold    . . .     Faith    .   (no shield)
rNeg     + . .     Spirit   .   c - +0 scale mail
rPois    ∞         Reflect  .   d - +1 helmet
rElec    +         Harm     .   f - scarf {+Inv}
rCorr    .         Rampage  .   (no gloves)
Will     .....                  a - +0 pair of boots
Stlth    ..........             (no amulet)
HPRegen  0.20/turn              y - +4 ring of protection
MPRegen  0.11/turn              h - +4 ring of protection

@: no status effects
A: sickness immunity, AC +6, negative energy resistance 1, electricity
resistance, torment resistance 1, petrification resistance
a: Renounce Religion, Evoke Invisibility, Berserk, Trog's Hand, Brothers in Arms


You were on level 6 of the Dungeon.
You worshipped Trog.
Trog was greatly pleased with you.
You visited 1 branch of the dungeon, and saw 7 of its levels.
You also visited: Sewer.

You collected 323 gold pieces.

Inventory:

Hand Weapons
 k - a +1 flail (weapon)
Missiles
 b - 103 stones (quivered)
Armour
 a - a +0 pair of boots (worn)
 c - a +0 scale mail (worn)
 d - a +1 helmet (worn)
 f - a scarf of invisibility (worn)
Jewellery
 g - a +6 ring of strength
 h - a +4 ring of protection (right hand)
 y - a +4 ring of protection (left hand)
Wands
 l - a wand of polymorph (5)
 n - a wand of charming (16)
 B - a wand of acid (6)
 C - a wand of paralysis (9)
 G - a wand of digging (2)
Scrolls
 e - 2 scrolls of fog
 j - a scroll of noise {unknown}
 m - 4 scrolls of teleportation
 t - 2 scrolls of enchant weapon
 u - a scroll of summoning
 v - a scroll of fear {unknown}
 x - 4 scrolls of enchant armour
 D - a scroll of vulnerability {unknown}
 E - a scroll of magic mapping {unknown}
 F - a scroll of blinking {unknown}
Potions
 i - a potion of cancellation {unknown}
 o - 2 potions of mutation {unknown}
 p - a potion of magic {unknown}
 q - 2 potions of might {unknown}
 r - 2 potions of heal wounds {unknown}
 s - 3 potions of resistance
 w - a potion of haste
 z - 2 potions of curing
 A - a potion of brilliance {unknown}
 H - 2 potions of attraction {unknown}


   Skills:
 + Level 10.2 Fighting
 + Level 9.5 Maces & Flails
 - Level 2.1 Armour
 - Level 1.5 Dodging


You had 8 spell levels left.
You didn't know any spells.
Your spell library was empty.

Dungeon Overview and Level Annotations

Branches:
Dungeon (7/15)              Sewer (visited)
 Temple: D:4-7

Altars:
Uskayaw

Shops:
D:1 (


Innate Abilities, Weirdness & Mutations

You are immune to sickness and miasma.
Your stone body is resilient. (AC +6)
You are immune to poison.
You resist negative energy. (rN+)
You are resistant to electric shocks. (rElec)
You are resistant to unholy torment.
You are immune to petrification.


Message History

You hit the boulder beetle.
The boulder beetle is lightly wounded.
The boulder beetle barely misses you.
You hit the boulder beetle but do no damage.
The boulder beetle is lightly wounded.
The boulder beetle barely misses you.
You hit the boulder beetle but do no damage.
The boulder beetle is lightly wounded.
The boulder beetle bites you.
You hit the boulder beetle but do no damage.
The boulder beetle is lightly wounded.
The boulder beetle bites you but does no damage.
You hit the boulder beetle.
The boulder beetle is lightly wounded.
The boulder beetle closely misses you.
You hit the boulder beetle but do no damage.
The boulder beetle is lightly wounded.
The boulder beetle bites you!!
The boulder beetle curls into a ball and begins rolling!
The boulder beetle barely misses you.
The boulder beetle stops rolling and uncurls.
The boulder beetle curls into a ball and begins rolling!
The boulder beetle hits you but does no damage.
The boulder beetle stops rolling and uncurls.
You hit the boulder beetle but do no damage.
The boulder beetle bites you but does no damage.
You hit the boulder beetle but do no damage.
The boulder beetle bites you but does no damage.
You sock the boulder beetle!
The boulder beetle is moderately wounded.
You hit the boulder beetle but do no damage.
The boulder beetle is moderately wounded.
The boulder beetle waves its antennae.
The boulder beetle bites you!
* * * LOW HITPOINT WARNING * * *
The boulder beetle curls into a ball and begins rolling!
You see here a +0 robe.
The boulder beetle hits you!!!
Ouch! That really hurt!
You die...

......# #......#############.#
...>..####..#.### #.#
........##..#.# #.#
......#.##..#.####### #.#
.........#..#.......# #.#
........°...#######)# #.#
.#.#.....○#.## #.# #.#
..<......###°######.#########.#
.#.#....## ##°○B@.............#
##.##....###.######.###########
##.###....#.## #.# #.# ##.##.##
#.# #.# #.#### #.# ##.####.#
########.#
..).....####........#
.............########
##.###########


You could see a boulder beetle (rolling).

Vanquished Creatures
  Eustachio (D:4)
  2 steam dragons (D:6)
  Duvessa (D:6)
  2 water moccasins (D:5)
  An orc warrior (D:6)
  A necrophage (D:4)
  4 ogres
  A phantom (D:6)
  2 bullfrogs (Sewer)
  Dowan (D:6)
  A water moccasin skeleton (D:5)
  A howler monkey (D:5)
  2 bullfrog zombies
  2 gnoll shamans
  An orc priest (D:3)
  A bullfrog skeleton (D:5)
  2 iguanas (D:6)
  Ijyb (D:4)
  Natasha (thrice) (D:4)
  4 orc wizards
  A hound zombie (D:5)
  11 gnolls
  14 adders
  A howler monkey skeleton (D:4)
  7 river rats (Sewer)
  3 white imps
  An ufetubus (D:5)
  2 worms
  A dart slug (D:2)
  22 orcs
  3 bats
  6 endoplasms
  2 giant cockroaches
  8 goblins
  10 hobgoblins
  2 jackals (D:2)
  3 quokkas
  17 ball pythons
  5 frilled lizards
  7 kobolds
  23 rats
183 creatures vanquished.

Vanquished Creatures (others)
  2 plants (D:2)
  3 withered plants (D:2)
5 creatures vanquished.

Grand Total: 188 creatures vanquished

Notes
Turn   | Place    | Note
-------+----------+-------------------------------------------
     0 | D:1      | DoubleLucky the Gargoyle Berserker began the quest for the
                  | Orb.
     0 | D:1      | Reached XP level 1. HP: 14/14 MP: 1/1
   178 | D:1      | Reached XP level 2. HP: 16/19 MP: 2/2
   253 | D:1      | Found Fedobba's Weapon Shop.
   759 | D:2      | Reached XP level 3. HP: 23/24 MP: 3/3
   771 | D:2      | Reached skill level 4 in Fighting
   811 | D:2      | Reached ** piety under Trog
   822 | D:2      | Found a hide-covered altar of Uskayaw.
   915 | D:2      | Reached XP level 4. HP: 30/30 MP: 4/4
  1059 | D:2      | Found a faded altar of an unknown god.
  1382 | D:3      | Reached XP level 5. HP: 33/34 MP: 5/5
  1658 | D:3      | Reached skill level 5 in Fighting
  2117 | D:3      | Reached skill level 5 in Maces & Flails
  2498 | D:4      | Noticed Ijyb
  2504 | D:4      | Killed Ijyb
  2505 | D:4      | Reached XP level 6. HP: 40/40 MP: 6/6
  2530 | D:4      | Noticed a necrophage
  2540 | D:4      | Killed a necrophage
  2541 | D:4      | Reached skill level 6 in Fighting
  2654 | D:4      | Noticed Natasha
  2666 | D:4      | Killed Natasha
  2935 | D:4      | Noticed Eustachio
  3134 | D:4      | Killed Eustachio
  3135 | D:4      | Reached XP level 7. HP: 47/47 MP: 7/7
  3199 | D:4      | Found a glowing drain.
  3203 | Sewer    | Entered a sewer
  3379 | Sewer    | Reached *** piety under Trog
  3706 | Sewer    | Reached skill level 7 in Fighting
  4246 | D:4      | Reached **** piety under Trog
  4381 | D:4      | Noticed Natasha
  4390 | D:4      | Killed Natasha
  4391 | D:4      | Reached XP level 8. HP: 44/53 MP: 8/8
  4580 | D:4      | Noticed Natasha
  4585 | D:4      | Killed Natasha
  4609 | D:5      | Entered Level 5 of the Dungeon
  5434 | D:4      | Reached skill level 8 in Fighting
  5931 | D:5      | Reached skill level 9 in Fighting
  6258 | D:5      | Reached XP level 9. HP: 60/60 MP: 9/9
  7214 | D:6      | Noticed Duvessa
  7214 | D:6      | Noticed Dowan
  7272 | D:6      | Killed Duvessa
  7305 | D:6      | Killed Dowan
  7333 | D:6      | Reached skill level 10 in Fighting
  8155 | D:7      | Noticed a boulder beetle
  8189 | D:6      | Demolished by a boulder beetle

Illustrated notes

Levels and vault maps discovered:
D:1:      nzn_arrival_crosshair, layout_basic, serial_shops,
          nicolae_diamond_shop
D:2:      layout_rooms, basic_altar, shapermc_ecumenical_altar_flowoftime,
          chequers_garden
D:3:      layout_basic
D:4:      layout_basic, gup_sewer_entry_bowl, uniq_natasha, uniq_ijyb,
          uniq_eustachio
D:5:      layout_basic, lemuel_another_geyser
D:6:      layout_loops_ring, hangedman_abyss_or_decor_passed,
          minmay_stone_trees_small, uniq_duvessa
D:7:      layout_cave_pods, mainiacjoe_overflow_catch_the_wave,
          minmay_temple_entry_large_hall, uniq_pikel

Skill      XL: |  1  2  3  4  5  6  7  8  9 |
---------------+----------------------------+-----
Fighting       | 4 5 6 7 9 10 | 10.2
Maces & Flails | 4 5 6 8 9 |  9.5
Armour         | |  2.1
Dodging        | |  1.5

Action                   |  1- 3 |  4- 6 |  7- 9 || total
-------------------------+-------+-------+-------++-------
Melee: Mace              |    84 |    99 |       ||   183
       Flail             |       |   103 |   420 ||   523
Throw: Stone             |    18 |    57 |    21 ||    96
Invok: Trog's Hand       |     1 |     5 |     2 ||     8
       Berserk           |     1 |     4 |     9 ||    14
  Use: Scroll            |       |       |     7 ||     7
Armor: Scale mail        |    51 |   270 |   324 ||   645
       Animal skin       |     1 |       |       ||     1
Dodge: Dodged            |    45 |   214 |   312 ||   571
